AoeStats
← KK

Arabia

507299197Analyzed
1v1 RM · 16d ago on Sep 17, 2026· 13m 36s· 2 players
Game mode
Random Map
Map size
Tiny (2 player)
Population
200
Speed
Normal
Resources
Standard
Victory
Conquest
Starting age
Dark Age
Ending age
Imperial Age
RankedLock teamsTeams togetherTeam positionsShared explorationLock speedFull tech treeHidden civsTurbo modeCheats
Victory
Defeat
🇬🇧 Magyars · United Kingdom
1617
+20
🇨🇳 Mapuche · China
1699
-20
_n0ne_
6:57 Loom
9:08 Feudal Age
9:22 Man-at-Arms
10:59 Double-Bit Axe
KK
6:36 Loom
8:53 Feudal Age
9:21 Double-Bit Axe
9:16 Horse Collar
9:27 Horse Collar
Connection lost

Rejoining the realm…

Still unreachable

The connection could not be restored.

Session expired

The server has moved on; the page needs a fresh start.